 Dungeon Crawl Stone Soup version 0.23-a0-444-g76343ca (webtiles) character file.

29 Chara the Sneak (level 3, -2/16 HPs)
             Began as a Vine Stalker Enchanter on Nov 16, 2018.
             Slain by an orc
             ... wielding a +0 whip
              (6 damage)
             ... on level 2 of the Dungeon.
             The game lasted 00:09:27 (1939 turns).

Chara the Sneak (Vine Stalker Enchanter)            Turns: 1939, Time: 00:09:27

Health: -2/16      AC:  5    Str: 10    XL:     3   Next: 16%
Magic:  0/7        EV: 17    Int: 15    God:
Gold:   61         SH:  0    Dex: 15    Spells: 0/6 levels left

rFire    . . .     SeeInvis +   a - +1 dagger
rCold    . . .     Gourm    .   (no shield)
rNeg     . . .     Faith    .   b - +0 robe
rPois    .         Spirit   +   g - +1 helmet {SInv}
rElec    .         Reflect  .   (no cloak)
rCorr    .         Harm     .   (no gloves)
MR       .....                  e - +0 pair of boots
Stlth    +++.......             i - amulet of rage
HPRegen  0.05/turn              f - +5 ring of evasion
MPRegen  0.10/turn              (no ring)

@: no status effects
A: fangs 2, magic shield, antimagic bite, no potion heal 3, rot immunity
a: Evoke Berserk Rage


You were on level 2 of the Dungeon.
You were not hungry.

You visited 1 branch of the dungeon, and saw 2 of its levels.

You collected 61 gold pieces.

Inventory:

Hand Weapons
 a - a +1 dagger (weapon)
 c - a +0 club
Armour
 b - a +0 robe (worn)
 e - a +0 pair of boots (worn)
 g - a +1 helmet of see invisible (worn)
Jewellery
 f - a +5 ring of evasion (left hand)
 i - an amulet of rage (around neck)
Scrolls
 h - 2 scrolls of teleportation
 j - a scroll of magic mapping
Comestibles
 d - 3 rations


   Skills:
 + Level 0.1 Fighting
 + Level 1.0 Short Blades
 + Level 0.7 Maces & Flails
 + Level 1.8 Dodging
 + Level 4.1 Stealth
 + Level 2.3 Spellcasting
 + Level 3.2 Hexes


You couldn't memorise any spells.
You knew the following spells:

 Your Spells              Type           Power        Failure   Level  Hunger
a - Corona                Hex            ##.....      5%          1    #......
b - Ensorcelled Hibernat  Hex/Ice        #.....       17%         2    ###....
c - Tukima's Dance        Hex            ##......     17%         3    ###....

Your spell library contained the following spells:

 Spells                   Type           Power        Failure   Level  Hunger
 Confuse                  Hex            ##......     17%         3    ###....
 Dazzling Spray           Conj/Hex       #.....       32%         3    ###....


Dungeon Overview and Level Annotations

Branches:
Dungeon (2/15)

Altars:


Innate Abilities, Weirdness & Mutations

You have extremely sharp teeth.
When hurt, damage is shared between your health and your magic reserves.
Your bite disrupts and absorbs the magic of your enemies.
Potions cannot restore your health.
You are immune to rotting.


Message History

Casting: Ensorcelled Hibernation (safe; 17% risk of failure)
Confirm with . or Enter, or press ? or * to list all spells.
Aiming: Ensorcelled Hibernation (safe; 17% risk of failure)
Press: ? - help, Shift-Dir - straight line, f - adder, p - hobgoblin
Aim: an adder (heavily wounded, not susceptible)
The adder is unaffected.
The adder closely misses you. The hobgoblin barely misses you.
The orc misses you.
You hit the adder but do no damage. Your bite misses the adder.
The adder is heavily wounded.
The adder bites you but does no damage. The hobgoblin closely misses you.
The adder misses you.
You hit the adder but do no damage. Your bite misses the adder.
The adder is heavily wounded.
The orc completely misses you. The hobgoblin hits you.
* * * LOW HITPOINT WARNING * * *
The adder barely misses you.
You hit the adder.
The adder is severely wounded.
The orc hits you with a +0 whip.
You die...

##
######.##
.# .. #..#
.# #.
##.##.# ..
#. #....#
... #.
#)##.#
...###.##
#..#.#
.......r#
#..#.#
......gS#
#....#
......o@#
#.#..#
........##
#.#..#
...###...#
#.##># ##
###.#
#.##.# #.#
###.##.#
#.#
#...#######
#.#
#.#...##...
###.#
#.##..##.##
#...#
#........##


You could see an adder, an orc, a hobgoblin and a rat.

Vanquished Creatures
  A dart slug (D:1)
  2 leopard geckos (D:1)
  A bat zombie (D:1)
  3 goblins
  5 hobgoblins
  A ball python zombie (D:1)
  2 frilled lizards (D:1)
  5 kobolds
  4 rats
24 creatures vanquished.

Notes
Turn   | Place    | Note
-------+----------+-------------------------------------------
     0 | D:1      | Chara the Vine Stalker Enchanter began the quest for the
                  | Orb.
     0 | D:1      | Reached XP level 1. HP: 9/9 MP: 4/4
   389 | D:1      | Reached XP level 2. HP: 13/13 MP: 6/6
   393 | D:1      | Learned a level 2 spell: Ensorcelled Hibernation
   404 | D:1      | Reached skill level 4 in Stealth
  1799 | D:2      | Reached XP level 3. HP: 16/16 MP: 7/7
  1833 | D:2      | Reached skill level 1 in Short Blades
  1897 | D:2      | Learned a level 3 spell: Tukima's Dance
  1939 | D:2      | Slain by an orc

Vault maps used:
D:1:      saegor_arrival_fortress, due_unseen_surprise

Skill      XL: |  1  2  3 |
---------------+----------+-----
Stealth        | 4 |  4.1
Short Blades   | 1 |  1.0
Fighting       | |  0.1
Maces & Flails | |  0.7
Dodging        | |  1.8
Spellcasting   | |  2.3
Hexes          | |  3.2

Action                   || total
-------------------------++-------
Melee: Club              ||    24
       Dagger            ||    56
       Bite              ||    19
 Cast: Ensorcelled Hiber ||     8
       Corona            ||     3
  Use: Scroll            ||     3
       Potion            ||     1
 Stab: Sleeping          ||     7
  Eat: Ration            ||     1
Armor: Robe              ||    22
Dodge: Dodged            ||    85

Table legend:
 A = Non-vault XP
 B = Vault XP
 C = Vault XP percentage of total XP
 D = Non-vault monster count
 E = Vault monster count
 F = Vault count percentage of total count
                 A         B        C        D         E       F
            +---------+---------+-------+---------+---------+-------
      Total |      39 |       3 |   7.1 |      22 |       2 |   8.3
            +---------+---------+-------+---------+---------+-------
        D:1 |      25 |       3 |  10.7 |      14 |       2 |  12.5
        D:2 |      14 |       0 |   0.0 |       8 |       0 |   0.0
            +---------+---------+-------+---------+---------+-------
